Map: Dusk Towers

Players

Miszu - Winner!

  • Race: Terran Terran
  • League: Grandmaster

Highlands

  • Race: Protoss Protoss

VOD

Have the link to the VOD?

Description

Time

  • Played on: May 17, 2016, 7:12 a.m.
  • Length: 10:46
Show
View Real Time Build Order
Export as new Build Order

Miszu Terran - Winner!

Build Orders: MMM Bio 

Get SALT Encoding   

  12  0:00  SCV  
  13  0:12  SCV  
  14  0:17  Supply Depot  
  14  0:24  SCV  
  15  0:39  SCV  
  15  0:41  Barracks  
  16  0:44  Refinery  
  16  0:51  SCV  
  17  1:03  SCV  
  18  1:15  Command Center  
  18  1:27  Orbital Command  
  18  1:29  Marine  
  19  1:40  Barracks  
  19  1:47  Marine  
  20  1:58  Barracks, SCV  
  21  2:09  Marine  
  21  2:12  SCV  
  23  2:27  Marine, SCV  
  23  2:28  Orbital Command  
  25  2:32  Refinery x2, Marine  
  26  2:39  SCV  
  27  2:44  Marine  
  27  2:46  Marine  
  29  2:51  Supply Depot, SCV  
  29  2:55  SCV  
  31  3:00  Marine  
  31  3:03  SCV  
  33  3:06  Marine  
  33  3:07  SCV  
  33  3:10  Barracks Tech Lab  
  35  3:15  SCV  
  35  3:18  Marine  
  38  3:20  SCV  
  38  3:24  Marine  
  38  3:27  Supply Depot  
  39  3:28  SCV  
  39  3:29  Marine  
  39  3:30  Stimpack  
  39  3:32  SCV  
  42  3:36  Marine  
  42  3:40  SCV  
  44  3:42  Factory, Marine  
  44  3:44  SCV  
  44  3:48  Marine  
  47  3:49  Supply Depot  
  47  3:52  SCV  
  47  3:54  Marine  
  49  4:00  Marine  
  49  4:02  SCV  
  51  4:04  SCV  
  51  4:06  Marauder  
  51  4:09  Refinery  
  54  4:10  Engineering Bay  
  54  4:12  Marine  
  55  4:18  Marine  
  55  4:23  SCV x2  
  58  4:28  Supply Depot  
  58  4:31  Starport, Factory Reactor  
  58  4:35  SCV x2  
  60  4:38  Missile Turret  
  60  4:41  Missile Turret  
  60  4:42  Barracks Reactor  
  60  4:47  Barracks Tech Lab, SCV x2  
  60  4:51  Supply Depot  
  62  4:56  Marauder  
  62  4:59  SCV x2  
  65  5:03  Terran Infantry Weapons Level 1  
  65  5:11  SCV  
  66  5:17  Medivac, Factory Reactor  
  66  5:18  Medivac  
  66  5:19  Marine x2, Marauder x2  
  66  5:20  SCV  
  77  5:23  Supply Depot  
  77  5:46  Refinery, Marine  
  77  5:47  Supply Depot, Marine x3, Medivac, Command Center  
  77  5:48  Medivac  
  85  5:51  SCV  
  86  6:03  Supply Depot  
  86  6:08  Widow Mine x2, SCV x2  
  86  6:09  Barracks  
  86  6:10  Barracks  
  92  6:12  Marauder  
  92  6:15  Combat Shields  
  94  6:22  Supply Depot  
  94  6:24  Marine x2, SCV x2  
  98  6:32  Medivac, Marauder  
  102  6:43  Medivac, SCV x2  
  102  6:45  Supply Depot  
  106  6:47  Supply Depot  
  106  6:55  SCV  
  106  6:59  Starport, Fusion Core  
  106  7:01  SCV  
  108  7:02  Liberator  
  108  7:03  Orbital Command  
  108  7:10  SCV  
  108  7:13  SCV  
  108  7:15  Barracks Reactor, Barracks Tech Lab  
  110  7:22  Medivac, SCV  
  116  7:29  SCV x2  
  118  7:33  Supply Depot, Refinery x2  
  118  7:34  SCV  
  119  7:38  Marauder  
  119  7:41  SCV  
  119  7:42  Starport Tech Lab  
  119  7:43  Liberator, SCV  
  123  7:46  SCV  
  123  7:48  Marine x2  
  123  7:49  Supply Depot  
  126  7:53  SCV  
  126  7:54  Liberator  
  126  7:56  Supply Depot  
  127  8:00  Marine  
  127  8:01  Marine x2, Marauder x2  
  137  8:06  Marine  
  137  8:10  Liberator  
  137  8:12  Advanced Ballistics  
  141  8:13  Marine  
  141  8:14  Supply Depot  
  141  8:18  Supply Depot, Marine  
  141  8:19  Marine  
  144  8:25  Liberator  
  144  8:28  Marine  
  144  8:29  Marine x3  
  151  8:34  Engineering Bay, Armory  
  151  8:37  Barracks  
  151  8:38  Marine, Barracks  
  151  8:40  Liberator  
  152  8:41  Barracks  
  152  8:45  Marine  
  152  8:47  Marauder x2  
  160  8:51  Supply Depot  
  160  8:53  Supply Depot, Liberator  
  160  8:56  Supply Depot  
  160  8:58  Marine x3  
  166  9:08  Liberator  
  166  9:14  Marauder  
  166  9:15  SCV  
  172  9:22  Liberator  
  172  9:28  Marine x4  
  172  9:30  Command Center  
  179  9:35  Barracks Reactor  
  179  9:36  Barracks Tech Lab, Liberator  
  179  9:38  Barracks Tech Lab  
  185  10:00  Ghost Academy  
Show
View Real Time Build Order
Export as new Build Order

Highlands Protoss 

Build Orders: 1 Gate Expand, Oracle Opening 

Get SALT Encoding   

  12  0:01  Probe (Chrono Boost)  
  13  0:12  Probe (Chrono Boost)  
  14  0:18  Pylon  
  14  0:22  Probe (Chrono Boost)  
  15  0:36  Probe (Chrono Boost)  
  15  0:37  Gateway  
  16  0:46  Probe (Chrono Boost)  
  16  0:48  Assimilator  
  18  0:57  Probe (Chrono Boost)  
  18  1:07  Probe (Chrono Boost)  
  19  1:19  Nexus  
  19  1:30  Cybernetics Core  
  19  1:32  Probe (Chrono Boost)  
  20  1:38  Assimilator  
  20  1:42  Probe (Chrono Boost)  
  21  1:48  Pylon  
  21  1:53  Probe (Chrono Boost)  
  22  2:03  Probe (Chrono Boost)  
  23  2:10  Adept (Chrono Boost)  
  23  2:14  Probe  
  25  2:26  Probe (Chrono Boost)  
  25  2:29  Stargate  
  26  2:31  Probe (Chrono Boost)  
  26  2:35  Warp Gate  
  27  2:38  Probe (Chrono Boost)  
  27  2:40  Adept  
  27  2:43  Probe (Chrono Boost)  
  31  2:49  Probe (Chrono Boost)  
  32  2:53  Probe (Chrono Boost)  
  33  2:59  Probe (Chrono Boost)  
  33  3:04  Probe (Chrono Boost)  
  35  3:07  Adept  
  35  3:10  Probe (Chrono Boost)  
  38  3:15  Oracle (Chrono Boost)  
  38  3:16  Probe  
  42  3:22  Gateway  
  42  3:24  Gateway  
  42  3:27  Probe  
  42  3:28  Pylon, Probe  
  44  3:39  Mothership Core  
  46  3:45  Probe  
  47  3:55  Probe  
  47  3:56  Nexus  
  47  4:00  Probe  
  49  4:06  Probe  
  49  4:07  Pylon  
  50  4:13  Probe  
  50  4:15  Twilight Council  
  50  4:16  Probe  
  52  4:25  Probe  
  52  4:27  Probe  
  52  4:28  Assimilator  
  54  4:32  Assimilator  
  54  4:37  Probe  
  54  4:38  Probe  
  55  4:41  Robotics Facility  
  55  4:43  Forge  
  55  4:44  Adept x2  
  60  4:48  Probe  
  60  4:50  Probe  
  62  4:57  Pylon  
  62  5:00  Resonating Glaives (Chrono Boost)  
  62  5:06  Probe  
  62  5:08  Probe  
  62  5:09  Protoss Ground Weapons Level 1 (Chrono Boost)  
  62  5:10  Probe  
  62  5:11  Gateway x2  
  62  5:13  Adept x2  
  69  5:19  Adept  
  71  5:23  Probe  
  71  5:24  Probe  
  71  5:25  Probe  
  74  5:34  Probe  
  75  5:37  Probe x2  
  75  5:42  Observer (Chrono Boost)  
  78  5:47  Pylon  
  78  5:50  Adept x3  
  78  5:51  Probe  
  85  5:58  Pylon  
  85  5:59  Pylon  
  85  6:04  Probe  
  85  6:05  Immortal (Chrono Boost), Probe  
  85  6:11  Stalker  
  93  6:16  Adept, Probe  
  93  6:17  Adept x2  
  93  6:18  Stalker, Pylon  
  102  6:19  Probe x2  
  104  6:28  Probe  
  104  6:36  Pylon  
  101  6:47  Pylon  
  101  6:49  Protoss Ground Weapons Level 2  
  101  6:51  Pylon  
  101  6:54  Probe  
  102  6:59  Stalker x2  
  106  7:02  Pylon  
  106  7:05  Pylon x2  
  106  7:06  Probe  
  106  7:07  Pylon  
  111  7:09  Gateway, Immortal (Chrono Boost)  
  111  7:10  Gateway  
  111  7:13  Probe x2  
  111  7:15  Adept, Blink  
  113  7:16  Stalker, Assimilator  
  113  7:18  Probe  
  113  7:21  Assimilator  
  118  7:24  Photon Cannon  
  118  7:25  Probe  
  119  7:30  Adept, Stalker  
  119  7:31  Adept  
  125  7:39  Templar Archives  
  125  7:40  Stalker  
  127  7:50  Stalker  
  129  7:55  Pylon, Stalker x2  
  129  7:58  Stalker  
  135  7:59  Immortal (Chrono Boost)  
  135  8:03  Psionic Storm  
  139  8:12  Photon Cannon  
  139  8:13  Photon Cannon  
  139  8:16  High Templar x2  
  143  8:25  High Templar  
  145  8:32  Photon Cannon  
  145  8:33  Photon Cannon  
  144  8:47  Pylon  
  144  8:50  Adept x2, High Templar  
  144  8:51  Stalker x3  
  156  8:56  Pylon  
  156  9:03  Fleet Beacon  
  156  9:08  Photon Cannon  
  156  9:12  Stargate  
  156  9:17  Assimilator  
  155  9:30  Observer  
  155  9:35  Adept, Photon Cannon  
  155  9:36  Adept, Stalker x3  
  155  9:37  Photon Cannon  
  166  9:45  Pylon  
  164  10:11  Nexus  
  172  10:20  Stalker x2  
  172  10:21  Stalker x2  
  178  10:22  Stalker  
Tags
 
Add a new tag
Caveats
  • Supply blocks, unpowered buildings, or Contaminate may cause inaccurate times.
  • Supply counts are checked every 10 seconds.